 Dungeon Crawl Stone Soup version 0.31-a0-1206-g41278d8d1d (webtiles) character file.

Game seed: 9878352906648735490

358 ytrimaz the Trooper (level 6, 0/51 HPs)
             Began as a Formicid Fighter on Dec 13, 2023.
             Was a Follower of Okawaru.
             Slain by a scorpion (2 damage)
             ... on level 5 of the Dungeon.
             The game lasted 00:04:46 (3099 turns).

ytrimaz the Trooper (Formicid Fighter)              Turns: 3099, Time: 00:04:46

Health: 0/51       AC: 14    Str: 20    XL:     6   Next: 97%
Magic:  6/6        EV: 10    Int:  8    God:    Okawaru [*.....]
Gold:   171        SH:  5    Dex: 15    Spells: 5/5 levels left

rFire   + . .        r - +5 Force Lance {heavy, knockback}
rCold   . . .        c - +0 buckler
rNeg    + . .        x - +4 ring mail of Blue Skies {rElec rF+ rN+}
rPois   .            (helmet unavailable)
rElec   +            (no cloak)
rCorr   .            u - +0 pair of gloves
SInv    +            i - +2 pair of boots
Will    .....        (no amulet)
Stlth   +            (no ring)
HPRegen 0.28/turn    (no ring)
MPRegen 0.10/turn

%: no passive effects
@: lethally poisoned (0 -> -10)
A: permanent stasis, dig shafts and tunnels, antennae 3, four strong arms
a: Dig, Shaft Self, Renounce Religion, Heroism


You were on level 5 of the Dungeon.
You worshipped Okawaru.
Okawaru was aware of your devotion.
You visited 1 branch of the dungeon, and saw 5 of its levels.

You collected 171 gold pieces.


Innate Abilities, Weirdness & Mutations

You cannot be hasted, slowed, berserked, paralysed or teleported.
You can dig through walls and to a lower floor.
You have a pair of large antennae on your head. (SInv)
Your four strong arms can wield two-handed weapons with a shield.


   Skills:
 + Level 5.5 Fighting
 - Level 3.6(4.2) Axes
 + Level 3.2(4.0) Polearms
 - Level 3.2 Armour
 - Level 5.0 Shields


You had 5 spell levels left.
You didn't know any spells.
Your spell library was empty.

Inventory:

Hand Weapons
 a - a +0 war axe
 b - the +5 demon whip "Spellbinder" {antimagic, disrupt, Will+}
   (You acquired it on level 4 of the Dungeon)

   Will+:     It increases your willpower.
 r - the +5 Force Lance (weapon) {heavy, knockback}
   (You found it on level 3 of the Dungeon)
Armour
 c - a +0 buckler (worn)
 i - a +2 pair of boots (worn)
   (You found it on level 1 of the Dungeon)
 u - a +0 pair of gloves (worn)
   (You found it on level 4 of the Dungeon)
 x - the +4 ring mail of Blue Skies (worn) {rElec rF+ rN+}
   (You found it on level 4 of the Dungeon)

   rF+:       It protects you from fire.
   rElec:     It insulates you from electricity.
   rN+:       It protects you from negative energy.
Jewellery
 g - an amulet of faith
   (You found it on level 1 of the Dungeon)
Wands
 n - a wand of mindburst (13)
   (You found it on level 2 of the Dungeon)
Scrolls
 f - a scroll of blinking
 h - a scroll of silence
 k - 2 scrolls of fog
 q - a scroll of poison
 s - a scroll of vulnerability {unknown}
 v - a scroll of enchant weapon {unknown}
 w - a scroll of amnesia {unknown}
Potions
 d - a potion of might
 j - a potion of magic
 o - a potion of degeneration {unknown}
 p - 3 potions of brilliance {unknown}
 t - a potion of invisibility {unknown}

Dungeon Overview and Level Annotations

Branches:
Dungeon (5/15) Zot: 26830
 Temple: D:4-7

Altars:
Kikubaaqudgha
Okawaru

Shops:
D:1 ( D:4

*(=?[
#.............
#.#<........$. .
##..........>.
..#.............
.................
#.................
##................
#...............#
.........)@.......
##.......os.......
#................
.......#........
......##........
#..... .##......
#..... . .)....
#... . ..##.. ...
.. ... .#


You could see a scorpion and an orc.


Message History

You feel sick. The scorpion attacks as it pursues you!
The scorpion stings you but does no damage. 😮 HP[-2]
You take 2 damage, and now have 33/51 hp.
Unknown command.
You puncture the scorpion!
The scorpion is knocked back by the blow.
The scorpion collides with the orc!
You feel less confused.
You feel sick.
The orc wizard casts a spell.
The orc wizard flickers and vanishes for a moment.
You block the scorpion's attack. 😮 HP[-2]
You take 2 damage, and now have 31/51 hp.
Unknown command.
It was a potion of magic.
Magic courses through your body.
You feel sick. You block the scorpion's attack.
A scorpion comes into view.
You block the scorpion's attack.
You impale the scorpion!!
You kill the scorpion!
Okawaru accepts your kill.
You feel sick. The orc hits you but does no damage.
You block the orc wizard's attack. x2; The orc closely misses you. 😮 HP[-1]
You take 1 damage, and now have 30/51 hp.
Unknown command.
You hit the orc wizard.
The orc wizard is knocked back by the blow.
You feel sick.
The orc wizard hits you with a +0 dagger.
The orc barely misses you.
The orc wizard points at you and mumbles some strange words.
You block the puff of flame. 😮 HP[-3]
You take 3 damage, and now have 27/51 hp.
Unknown command.
You hit the orc wizard.
You feel sick.
You are no longer poisoned.
The orc wizard hits you but does no damage.
The orc completely misses you.
Unknown command.
You puncture the orc wizard!
You kill the orc wizard!
Okawaru accepts your kill.
You can now gain great but temporary skills.
The orc hits you with a +0 club. The orc wizard casts a spell at you.
The magic dart hits you.
* * * LOW HITPOINT WARNING * * *
The orc barely misses you.
The scorpion stings you but does no damage.
Your Polearms skill increases to level 3! 😨 HP[-6]
You take 6 damage, and now have 21/51 hp.
You impale the orc wizard!!
You kill the orc wizard!
Okawaru accepts your kill. The scorpion barely misses you.
The orc hits you but does no damage. 😨 HP[+1] Unknown command.
The scorpion attacks as it pursues you! The scorpion barely misses you.
The orc closely misses you.
Things that are here:
a +0 dagger; a +0 robe; an orc corpse You barely miss the scorpion.
The scorpion barely misses you. The orc closely misses you.
The scorpion barely misses you.
You closely miss the scorpion. The orc hits you but does no damage.
The scorpion stings you.
* * * LOW HITPOINT WARNING * * *
You are poisoned.
The scorpion poisons you! The orc barely misses you.
You block the scorpion's attack. 😨 HP[-5]
You take 5 damage, and now have 17/51 hp.
You hit the scorpion.
You feel very sick. The scorpion barely misses you.
You block the orc's attack. 😨 HP[-3]
You take 3 damage, and now have 14/51 hp.
You barely miss the scorpion.
You feel sick.
The scorpion stings you but does no damage.
You block the orc's attack.
The scorpion barely misses you. 😱 HP[-2]
You take 2 damage, and now have 12/51 hp.
Unknown command.
You hit the scorpion.
You feel sick. The orc hits you but does no damage. The scorpion stings you.
* * * LOW HITPOINT WARNING * * *
You are lethally poisoned!
The scorpion poisons you! You block the orc's attack.
The scorpion closely misses you. 😱 HP[-5]
You take 5 damage, and now have 7/51 hp.
You puncture the scorpion!
* * * LOW HITPOINT WARNING * * *
You feel very sick. The scorpion stings you.
You die...

Skill      XL: |  1  2  3  4  5  6 |
---------------+-------------------+-----
Axes           | 3 |  3.6
Fighting       | 4 5 |  5.5
Polearms       | 2 3 |  3.2
Shields        | 5 |  5.0
Armour         | |  3.2

Action                     |  1- 3 |  4- 6 || total
---------------------------+-------+-------++-------
  Melee: War axe           |    72 |    57 ||   129
         Lance             |       |    51 ||    51
Ability: Dig               |       |     5 ||     5
    Use: Scroll            |       |     7 ||     7
         Potion            |       |     1 ||     1
 Armour: Scale mail        |    50 |    51 ||   101
         Ring mail         |       |    30 ||    30
  Dodge: Dodged            |    37 |    65 ||   102
  Block: Buckler           |    25 |    36 ||    61

Levels and vault maps discovered:
D:1:      orjb1_lava_funnel, layout_rooms, serial_shops, shop
D:2:      layout_basic, basic_altar, chequers_ecumenical_altar_grove,
          minivault_5
D:3:      layout_loops_corners, mainiacjoe_overflow_big_doors,
          guppyfry_early_orc_mine
D:4:      layout_basic, serial_shops, shop, nicolae_square_shop, shop, shop,
          nicolae_shop_just_a_little_nook,
          nicolae_concentric_dashed_squares_mild
D:5:      layout_cave_pools, nicolae_nh_ransacked_shop

Notes
Turn   | Place    | Note
-------+----------+-------------------------------------------
     0 | D:1      | ytrimaz the Formicid Fighter began the quest for the Orb.
     0 | D:1      | Reached XP level 1. HP: 18/18 MP: 1/1
     0 | D:1      | magus.rc [v1.9.6]
    13 | D:1      | Found Vueliopu's Weapon Emporium.
    46 | D:1      | Reached XP level 2. HP: 24/24 MP: 2/2
    56 | D:1      | HP: 5/24 [goblin/+0 club (4)]
   164 | D:1      | Reached XP level 3. HP: 29/29 MP: 3/3
   426 | D:1      | Reached skill level 3 in Axes
   949 | D:2      | Reached XP level 4. HP: 37/37 MP: 4/4
  1230 | D:2      | Found a faded altar of an unknown god.
  1354 | D:2      | Found an iron altar of Okawaru.
  1409 | D:2      | Became a worshipper of Warmaster Okawaru
  1800 | D:3      | Reached skill level 4 in Fighting
  1890 | D:3      | Found the +5 Force Lance {heavy, knockback}
  2268 | D:3      | Found an ancient bone altar of Kikubaaqudgha.
  2274 | D:3      | Found an iron altar of Okawaru.
  2376 | D:3      | Reached XP level 5. HP: 42/42 MP: 5/5
  2464 | D:4      | Found Rugatoh's Antique Armour Boutique.
  2484 | D:4      | Found Zatel's Magic Scroll Shop.
  2493 | D:4      | Reached skill level 1 in Polearms
  2493 | D:4      | Reached skill level 5 in Shields
  2561 | D:4      | Noticed a phantom
  2567 | D:4      | Killed a phantom
  2568 | D:4      | Reached skill level 2 in Polearms
  2568 | D:4      | Reached XP level 6. HP: 46/49 MP: 6/6
  2588 | D:4      | Found Ludu's Jewellery Boutique.
  2684 | D:4      | Identified the +4 ring mail of Blue Skies {rElec rF+ rN+}
  2730 | D:4      | Found Danubi's Antique Weapon Boutique.
  2804 | D:4      | Found Bole's Assorted Antiques.
  2907 | D:4      | Reached skill level 5 in Fighting
  3026 | D:4      | Identified a scroll of acquirement
  3028 | D:4      | Acquired the +5 demon whip "Spellbinder" {antimagic,
                  | disrupt, Will+}
  3028 | D:4      | Found the +5 demon whip "Spellbinder" {antimagic, disrupt,
                  | Will+}
  3071 | D:5      | Entered Level 5 of the Dungeon
  3091 | D:5      | Reached * piety under Okawaru
  3092 | D:5      | Reached skill level 3 in Polearms
  3097 | D:5      | HP: 12/51 [poisoned by a scorpion]
  3099 | D:5      | HP: 2/51 [poisoned by a scorpion]
  3099 | D:5      | Slain by a scorpion

Vanquished Creatures
  A phantom (D:4)
  A scorpion (D:5)
  2 hounds (D:4)
  2 orc wizards (D:5)
  An adder (D:3)
  4 dart slugs
  9 orcs
  7 endoplasms
  2 giant cockroaches
  9 goblins
  10 hobgoblins
  8 quokkas
  5 ball pythons
  6 bats
  4 frilled lizards
  5 kobolds
  7 rats
83 creatures vanquished.

Table legend:
 A = Non-vault XP
 B = Vault XP
 C = Vault XP percentage of total XP
 D = Non-vault monster count
 E = Vault monster count
 F = Vault count percentage of total count
                 A         B        C        D         E       F
            +---------+---------+-------+---------+---------+-------
      Total |     495 |      17 |   3.3 |      76 |       7 |   8.4
            +---------+---------+-------+---------+---------+-------
        D:1 |      56 |       0 |   0.0 |      32 |       0 |   0.0
        D:2 |      28 |       0 |   0.0 |      15 |       0 |   0.0
        D:3 |      39 |      17 |  30.4 |      14 |       7 |  33.3
        D:4 |     212 |       0 |   0.0 |      12 |       0 |   0.0
        D:5 |     160 |       0 |   0.0 |       3 |       0 |   0.0
            +---------+---------+-------+---------+---------+-------

Skill      XL: |  1  2  3  4  5  6 |
---------------+-------------------+-----
Axes           | 3 |  3.6
Fighting       | 4 5 |  5.5
Polearms       | 2 3 |  3.2
Shields        | 5 |  5.0
Armour         | |  3.2

Action                     |  1- 3 |  4- 6 || total
---------------------------+-------+-------++-------
  Melee: War axe           |    72 |    57 ||   129
         Lance             |       |    51 ||    51
Ability: Dig               |       |     5 ||     5
    Use: Scroll            |       |     7 ||     7
         Potion            |       |     1 ||     1
 Armour: Scale mail        |    50 |    51 ||   101
         Ring mail         |       |    30 ||    30
  Dodge: Dodged            |    37 |    65 ||   102
  Block: Buckler           |    25 |    36 ||    61

Illustrated notes

Table legend:
 A = Kills in this place as a percentage of kills in the entire game.
 B = Kills by you in this place as a percentage of kills by you in the entire game.
 C = Kills by friends in this place as a percentage of kills by friends in the entire game.
 D = Other kills in this place as a percentage of other kills in the entire game.
 E = Experience gained in this place as a percentage of experience gained in the entire game.
 F = Experience gained in this place divided by the number of levels of this place that you have seen.
                   A       B       C       D       E      F
               +-------+-------+-------+-------+-------+----------------------
         Total | 100.0 | 100.0 |   N/A |   N/A | 100.0 | 102.4
       Dungeon | 100.0 | 100.0 |   N/A |   N/A | 100.0 | 102.4
               +-------+-------+-------+-------+-------+----------------------

Table legend: (Time is in decaauts)
 A = Elapsed time spent in this place.
 B = Non-inter-level travel time spent in this place.
 C = Inter-level travel time spent in this place.
 D = Time resting spent in this place.
 E = Time spent auto-exploring this place.
 F = Levels seen in this place.
 G = Mean time per level.
                   A        B        C        D        E       F      G
               +--------+--------+--------+--------+--------+-----+--------+
         Total |   3168 |   3072 |     96 |      0 |   2430 |   5 |  633.6 |
       Dungeon |   3168 |   3072 |     96 |      0 |   2430 |   5 |  633.6 |
               +--------+--------+--------+--------+--------+-----+--------+

Top non-repeatable levels by time:
     D:2: 951 daAuts
     D:3: 885 daAuts
     D:4: 679 daAuts
     D:1: 617 daAuts
     D:5: 34 daAuts
